[ PARTIDA AOE2 · #467962832 ]
UnrankedFrancos vs Bulgarians
[ ANÁLISIS DE REPETICIÓN · EXTRAÍDO DE LA PARTIDA GRABADA ]
Feudal
10:31
Castillos
14:22
Imperial
—
| APM promedio | 48.7 |
| APM pico | 102 |
| eAPM promedio | 29.4 |
| Aldeanos / militares | 110 / 0 |
Foco
⚔️ 29.3% · 🌾 70.7%
Feudal
10:10
Castillos
13:57
Imperial
—
| APM promedio | 26.1 |
| APM pico | 52 |
| eAPM promedio | 12.0 |
| Aldeanos / militares | 23 / 1 |
Foco
⚔️ 34.3% · 🌾 65.7%
Unknown (1105) ×2 · Mangonel ×1
Feudal
10:06
Castillos
—
Imperial
—
| APM promedio | 59.2 |
| APM pico | 109 |
| eAPM promedio | 24.7 |
| Aldeanos / militares | 57 / 46 |
Foco
⚔️ 41.0% · 🌾 59.0%
Flemish Militia ×46
Feudal
10:32
Castillos
—
Imperial
—
| APM promedio | 40.7 |
| APM pico | 60 |
| eAPM promedio | 15.9 |
| Aldeanos / militares | 45 / 25 |
Foco
⚔️ 29.9% · 🌾 70.1%
Militia ×25
Feudal
10:24
Castillos
14:44
Imperial
—
| APM promedio | 33.3 |
| APM pico | 61 |
| eAPM promedio | 12.7 |
| Aldeanos / militares | 82 / 0 |
Foco
⚔️ 12.1% · 🌾 87.9%
Feudal
8:23
Castillos
19:50
Imperial
—
| APM promedio | 27.8 |
| APM pico | 55 |
| eAPM promedio | 14.4 |
| Aldeanos / militares | 54 / 0 |
Foco
⚔️ 6.0% · 🌾 94.0%
Feudal
10:08
Castillos
18:19
Imperial
—
| APM promedio | 39.7 |
| APM pico | 72 |
| eAPM promedio | 23.5 |
| Aldeanos / militares | 68 / 0 |
Foco
⚔️ 18.8% · 🌾 81.2%
Feudal
9:34
Castillos
—
Imperial
—
| APM promedio | 44.3 |
| APM pico | 67 |
| eAPM promedio | 20.8 |
| Aldeanos / militares | 74 / 15 |
Foco
⚔️ 26.3% · 🌾 73.7%
Battering Ram ×15
Mapa de la partida
Recursos iniciales + cada clic de construcción. Líneas = muros · curvas = relieve. ◆ oro · ⬟ piedra · ● bayas · ✦ reliquia · ◌ hueco del cierre
Inputs por minuto
— DL | La Pata Sola - - YOGRANNYCANTSCRAP
Build order — DL | La Pata Sola
Primeras 150 de 202 acciones detectadas
| 0:01 | Crear | Villager (Male) |
| 0:01 | Crear | Villager (Male) |
| 0:02 | Construir | House |
| 0:03 | Construir | House |
| 0:16 | Crear | Villager (Male) |
| 0:16 | Crear | Villager (Male) |
| 1:01 | Investigar | Loom |
| 1:09 | Crear | Villager (Male) |
| 1:34 | Crear | Villager (Male) |
| 1:54 | Construir | Lumber Camp |
| 2:11 | Crear | Villager (Male) |
| 2:11 | Crear | Villager (Male) |
| 2:38 | Crear | Villager (Male) |
| 2:59 | Crear | Villager (Male) |
| 3:29 | Construir | House |
| 3:30 | Construir | House |
| 3:35 | Crear | Villager (Male) |
| 4:09 | Crear | Villager (Male) |
| 4:09 | Crear | Villager (Male) |
| 4:29 | Crear | Villager (Male) |
| 4:30 | Crear | Villager (Male) |
| 4:41 | Construir | Mill |
| 4:44 | Crear | Villager (Male) |
| 4:44 | Crear | Villager (Male) |
| 5:03 | Crear | Villager (Male) |
| 6:09 | Crear | Villager (Male) |
| 6:15 | Crear | Villager (Male) |
| 7:02 | Crear | Villager (Male) |
| 7:08 | Construir | Mining Camp |
| 7:23 | Crear | Villager (Male) |
| 7:55 | Crear | Villager (Male) |
| 8:14 | Investigar | Feudal Age |
| 8:20 | Construir | Farm |
| 8:22 | Construir | Farm |
| 8:23 | Construir | Farm |
| 9:27 | Construir | House |
| 10:27 | Crear | Villager (Male) |
| 10:31 | Edad | Edad Feudal |
| 10:34 | Construir | Blacksmith |
| 10:36 | Construir | Market |
| 10:46 | Crear | Villager (Male) |
| 11:42 | Investigar | Castle Age |
| 11:43 | Investigar | Castle Age |
| 12:06 | Construir | Farm |
| 12:21 | Construir | House |
| 12:26 | Construir | House |
| 12:34 | Crear | Villager (Male) |
| 13:10 | Crear | Villager (Male) |
| 13:19 | Investigar | Town Watch |
| 13:45 | Investigar | Double-Bit Axe |
| 14:22 | Edad | Edad de los Castillos |
| 14:26 | Construir | Town Center |
| 14:29 | Construir | Town Center |
| 14:33 | Crear | Villager (Male) |
| 14:40 | Investigar | Bow Saw |
| 14:56 | Crear | Villager (Male) |
| 15:01 | Construir | Farm |
| 15:13 | Crear | Villager (Male) |
| 15:17 | Construir | Farm |
| 15:21 | Construir | Farm |
| 15:22 | Crear | Villager (Male) |
| 15:27 | Crear | Villager (Male) |
| 15:39 | Crear | Villager (Male) |
| 15:45 | Construir | Farm |
| 15:45 | Crear | Villager (Male) |
| 15:57 | Crear | Villager (Male) |
| 16:14 | Crear | Villager (Male) |
| 16:15 | Crear | Villager (Male) |
| 16:19 | Crear | Villager (Male) |
| 16:21 | Crear | Villager (Male) |
| 16:23 | Construir | Farm |
| 16:25 | Construir | Farm |
| 16:28 | Construir | Farm |
| 16:30 | Construir | Farm |
| 16:31 | Crear | Villager (Male) |
| 16:34 | Construir | Farm |
| 16:38 | Crear | Villager (Male) |
| 16:43 | Construir | Farm |
| 16:49 | Construir | Farm |
| 16:51 | Construir | Farm |
| 16:57 | Crear | Villager (Male) |
| 17:03 | Construir | Farm |
| 17:18 | Crear | Villager (Male) |
| 17:20 | Construir | Farm |
| 17:22 | Crear | Villager (Male) |
| 17:30 | Construir | Farm |
| 17:31 | Crear | Villager (Male) |
| 17:32 | Construir | Farm |
| 17:34 | Construir | Farm |
| 17:44 | Crear | Villager (Male) |
| 17:45 | Crear | Villager (Male) |
| 17:46 | Crear | Villager (Male) |
| 17:46 | Crear | Villager (Male) |
| 18:01 | Construir | Farm |
| 18:02 | Crear | Villager (Male) |
| 18:09 | Construir | Farm |
| 18:10 | Crear | Villager (Male) |
| 18:25 | Construir | Town Center |
| 18:26 | Crear | Villager (Male) |
| 18:30 | Crear | Villager (Male) |
| 18:33 | Construir | Farm |
| 18:39 | Crear | Villager (Male) |
| 18:46 | Construir | Farm |
| 18:47 | Crear | Villager (Male) |
| 18:56 | Construir | House |
| 18:56 | Construir | House |
| 18:58 | Construir | House |
| 19:00 | Crear | Villager (Male) |
| 19:09 | Crear | Villager (Male) |
| 19:10 | Crear | Villager (Male) |
| 19:11 | Crear | Villager (Male) |
| 19:20 | Investigar | Wheelbarrow |
| 19:21 | Investigar | Town Watch |
| 19:23 | Crear | Villager (Male) |
| 19:28 | Construir | Farm |
| 19:30 | Construir | Farm |
| 19:31 | Crear | Villager (Male) |
| 19:33 | Construir | Farm |
| 19:34 | Crear | Villager (Male) |
| 19:37 | Crear | Villager (Male) |
| 19:41 | Construir | Farm |
| 19:54 | Crear | Villager (Male) |
| 19:58 | Crear | Villager (Male) |
| 20:10 | Crear | Villager (Male) |
| 20:12 | Construir | Farm |
| 20:13 | Construir | Farm |
| 20:16 | Crear | Villager (Male) |
| 20:19 | Construir | Farm |
| 20:21 | Crear | Villager (Male) |
| 20:26 | Construir | Farm |
| 20:26 | Construir | Farm |
| 20:26 | Construir | Farm |
| 20:26 | Construir | Farm |
| 20:26 | Construir | Farm |
| 20:27 | Construir | Farm |
| 20:33 | Crear | Villager (Male) |
| 20:36 | Construir | Farm |
| 20:38 | Construir | Farm |
| 20:38 | Crear | Villager (Male) |
| 20:44 | Crear | Villager (Male) |
| 20:48 | Construir | House |
| 20:51 | Crear | Villager (Male) |
| 20:54 | Crear | Villager (Male) |
| 20:58 | Crear | Villager (Male) |
| 20:58 | Crear | Villager (Male) |
| 21:01 | Crear | Villager (Male) |
| 21:08 | Crear | Villager (Male) |
| 21:11 | Construir | Farm |
| 21:11 | Construir | Farm |
| 21:13 | Construir | Farm |
Build order — YOGRANNYCANTSCRAP
57 acciones detectadas en el replay
| 0:01 | Crear | Villager (Male) |
| 0:01 | Crear | Villager (Male) |
| 0:01 | Crear | Villager (Male) |
| 0:03 | Construir | House |
| 0:05 | Construir | House |
| 0:23 | Crear | Villager (Male) |
| 1:23 | Crear | Villager (Male) |
| 1:52 | Construir | Lumber Camp |
| 2:02 | Crear | Villager (Male) |
| 2:29 | Crear | Villager (Male) |
| 2:32 | Construir | House |
| 3:12 | Crear | Villager (Male) |
| 3:21 | Crear | Villager (Male) |
| 4:10 | Crear | Villager (Male) |
| 4:11 | Crear | Villager (Male) |
| 4:25 | Crear | Villager (Male) |
| 4:29 | Construir | House |
| 5:22 | Crear | Villager (Male) |
| 5:31 | Crear | Villager (Male) |
| 6:14 | Crear | Villager (Male) |
| 6:22 | Construir | Mining Camp |
| 6:44 | Crear | Villager (Male) |
| 7:00 | Crear | Villager (Male) |
| 7:11 | Crear | Villager (Male) |
| 8:00 | Investigar | Feudal Age |
| 8:16 | Construir | Mill |
| 9:05 | Crear | Villager (Male) |
| 9:06 | Investigar | Loom |
| 10:10 | Edad | Edad Feudal |
| 10:14 | Construir | Blacksmith |
| 10:19 | Construir | Market |
| 11:17 | Investigar | Castle Age |
| 12:02 | Investigar | Double-Bit Axe |
| 12:51 | Construir | Mining Camp |
| 13:21 | Construir | Stone Wall |
| 13:23 | Construir | Stone Wall |
| 13:23 | Construir | Stone Wall |
| 13:57 | Edad | Edad de los Castillos |
| 14:01 | Construir | Siege Workshop |
| 14:49 | Crear | Villager (Male) |
| 15:06 | Crear | Mangonel |
| 15:15 | Construir | House |
| 15:17 | Construir | Stone Wall |
| 15:24 | Construir | Stone Wall |
| 15:27 | Construir | Stone Wall |
| 16:00 | Construir | Building 487 |
| 16:04 | Construir | Stone Wall |
| 16:07 | Construir | Stone Wall |
| 18:05 | Construir | Town Center |
| 19:21 | Investigar | Bow Saw |
| 19:42 | Crear | Villager (Male) |
| 19:42 | Crear | Villager (Male) |
| 20:11 | Crear | Unit 1105 |
| 20:11 | Crear | Unit 1105 |
| 20:25 | Crear | Villager (Male) |
| 20:34 | Construir | Farm |
| 21:03 | Construir | Farm |
Build order — [CL]Sendoh
Primeras 150 de 162 acciones detectadas
| 0:00 | Crear | Villager (Male) |
| 0:01 | Crear | Villager (Male) |
| 0:01 | Crear | Villager (Male) |
| 0:02 | Construir | House |
| 0:03 | Construir | House |
| 0:28 | Crear | Villager (Male) |
| 0:29 | Crear | Villager (Male) |
| 0:31 | Investigar | Loom |
| 1:37 | Crear | Villager (Male) |
| 1:37 | Crear | Villager (Male) |
| 2:01 | Crear | Villager (Male) |
| 2:01 | Crear | Villager (Male) |
| 2:19 | Crear | Villager (Male) |
| 2:19 | Crear | Villager (Male) |
| 2:40 | Construir | Lumber Camp |
| 2:58 | Crear | Villager (Male) |
| 2:59 | Crear | Villager (Male) |
| 2:59 | Crear | Villager (Male) |
| 3:32 | Construir | House |
| 3:48 | Crear | Villager (Male) |
| 3:48 | Crear | Villager (Male) |
| 3:48 | Crear | Villager (Male) |
| 3:48 | Crear | Villager (Male) |
| 4:28 | Crear | Villager (Male) |
| 4:29 | Crear | Villager (Male) |
| 4:29 | Crear | Villager (Male) |
| 4:42 | Crear | Villager (Male) |
| 4:42 | Crear | Villager (Male) |
| 5:18 | Crear | Villager (Male) |
| 5:18 | Crear | Villager (Male) |
| 5:29 | Construir | Mill |
| 5:57 | Crear | Villager (Male) |
| 5:57 | Crear | Villager (Male) |
| 6:27 | Construir | House |
| 6:50 | Construir | Mining Camp |
| 7:12 | Crear | Villager (Male) |
| 7:12 | Crear | Villager (Male) |
| 7:40 | Investigar | Feudal Age |
| 8:13 | Construir | House |
| 9:01 | Construir | Barracks |
| 9:07 | Construir | House |
| 9:17 | Crear | Villager (Male) |
| 9:17 | Crear | Villager (Male) |
| 10:06 | Edad | Edad Feudal |
| 10:10 | Crear | Flemish Militia |
| 10:10 | Crear | Flemish Militia |
| 10:13 | Construir | House |
| 10:19 | Investigar | Double-Bit Axe |
| 10:33 | Crear | Flemish Militia |
| 10:33 | Crear | Flemish Militia |
| 10:41 | Construir | House |
| 11:05 | Crear | Villager (Male) |
| 11:05 | Crear | Villager (Male) |
| 11:11 | Crear | Flemish Militia |
| 11:12 | Crear | Flemish Militia |
| 11:12 | Crear | Flemish Militia |
| 11:17 | Construir | Barracks |
| 11:27 | Crear | Flemish Militia |
| 11:28 | Crear | Flemish Militia |
| 11:40 | Construir | Blacksmith |
| 11:48 | Construir | Farm |
| 11:51 | Construir | Farm |
| 11:57 | Crear | Flemish Militia |
| 11:57 | Crear | Flemish Militia |
| 12:06 | Crear | Flemish Militia |
| 12:06 | Crear | Flemish Militia |
| 12:25 | Construir | Farm |
| 12:40 | Construir | Farm |
| 12:49 | Crear | Flemish Militia |
| 12:49 | Crear | Flemish Militia |
| 12:49 | Crear | Flemish Militia |
| 12:59 | Crear | Flemish Militia |
| 12:59 | Crear | Flemish Militia |
| 13:03 | Construir | Farm |
| 13:06 | Construir | Farm |
| 13:21 | Crear | Flemish Militia |
| 13:21 | Crear | Flemish Militia |
| 13:21 | Crear | Flemish Militia |
| 13:21 | Crear | Flemish Militia |
| 13:40 | Construir | Farm |
| 13:42 | Construir | Farm |
| 14:10 | Crear | Flemish Militia |
| 14:10 | Crear | Flemish Militia |
| 14:10 | Crear | Flemish Militia |
| 14:14 | Construir | Farm |
| 14:46 | Crear | Flemish Militia |
| 14:47 | Crear | Flemish Militia |
| 14:47 | Crear | Flemish Militia |
| 14:47 | Crear | Flemish Militia |
| 15:02 | Crear | Flemish Militia |
| 15:02 | Crear | Flemish Militia |
| 15:10 | Crear | Villager (Male) |
| 15:10 | Crear | Villager (Male) |
| 15:13 | Construir | House |
| 15:13 | Construir | House |
| 15:13 | Construir | House |
| 15:17 | Construir | House |
| 15:17 | Construir | House |
| 16:02 | Investigar | Forging |
| 16:02 | Investigar | Scale Mail Armor |
| 16:40 | Crear | Flemish Militia |
| 16:40 | Crear | Flemish Militia |
| 16:40 | Crear | Flemish Militia |
| 16:41 | Crear | Flemish Militia |
| 16:56 | Crear | Villager (Male) |
| 16:56 | Crear | Villager (Male) |
| 16:59 | Construir | House |
| 16:59 | Construir | House |
| 17:22 | Crear | Flemish Militia |
| 17:22 | Crear | Flemish Militia |
| 17:45 | Crear | Flemish Militia |
| 17:45 | Crear | Flemish Militia |
| 17:46 | Crear | Villager (Male) |
| 17:46 | Crear | Villager (Male) |
| 17:46 | Crear | Villager (Male) |
| 17:49 | Construir | House |
| 17:49 | Construir | House |
| 18:03 | Construir | Farm |
| 18:07 | Construir | Farm |
| 18:07 | Construir | Farm |
| 18:07 | Construir | Farm |
| 18:07 | Construir | Farm |
| 18:08 | Construir | Farm |
| 18:08 | Construir | Farm |
| 18:44 | Crear | Flemish Militia |
| 18:45 | Crear | Flemish Militia |
| 18:45 | Crear | Flemish Militia |
| 18:46 | Crear | Villager (Male) |
| 18:46 | Crear | Villager (Male) |
| 18:46 | Crear | Villager (Male) |
| 19:09 | Construir | Farm |
| 19:11 | Investigar | Horse Collar |
| 19:17 | Construir | Farm |
| 19:18 | Construir | Farm |
| 19:22 | Construir | Farm |
| 19:32 | Crear | Villager (Male) |
| 19:32 | Crear | Villager (Male) |
| 19:39 | Investigar | Wheelbarrow |
| 20:22 | Crear | Flemish Militia |
| 20:22 | Crear | Flemish Militia |
| 20:46 | Crear | Villager (Male) |
| 20:46 | Crear | Villager (Male) |
| 20:49 | Construir | Market |
| 21:07 | Construir | Farm |
| 21:25 | Crear | Villager (Male) |
| 21:26 | Crear | Villager (Male) |
| 21:26 | Crear | Villager (Male) |
| 21:26 | Crear | Villager (Male) |
| 21:28 | Construir | Farm |
| 21:36 | Construir | Farm |
Build order — free villager
128 acciones detectadas en el replay
| 0:01 | Crear | Villager (Male) |
| 0:02 | Crear | Villager (Male) |
| 0:03 | Construir | House |
| 0:05 | Construir | House |
| 0:14 | Crear | Villager (Male) |
| 0:15 | Crear | Villager (Male) |
| 1:41 | Crear | Villager (Male) |
| 2:01 | Crear | Villager (Male) |
| 2:15 | Construir | Lumber Camp |
| 2:16 | Crear | Villager (Male) |
| 2:20 | Construir | Mill |
| 2:48 | Crear | Villager (Male) |
| 2:48 | Crear | Villager (Male) |
| 3:03 | Crear | Villager (Male) |
| 3:40 | Crear | Villager (Male) |
| 3:47 | Crear | Villager (Male) |
| 3:50 | Construir | House |
| 3:51 | Construir | House |
| 3:54 | Construir | House |
| 4:16 | Crear | Villager (Male) |
| 4:41 | Crear | Villager (Male) |
| 4:54 | Construir | House |
| 5:24 | Crear | Villager (Male) |
| 5:24 | Crear | Villager (Male) |
| 5:25 | Crear | Villager (Male) |
| 5:25 | Crear | Villager (Male) |
| 5:37 | Crear | Villager (Male) |
| 5:41 | Crear | Villager (Male) |
| 5:48 | Crear | Villager (Male) |
| 6:11 | Crear | Villager (Male) |
| 6:16 | Crear | Villager (Male) |
| 6:44 | Crear | Villager (Male) |
| 7:05 | Crear | Villager (Male) |
| 7:39 | Crear | Villager (Male) |
| 7:53 | Construir | Barracks |
| 7:57 | Construir | Barracks |
| 8:18 | Crear | Villager (Male) |
| 8:21 | Investigar | Feudal Age |
| 8:29 | Construir | Mining Camp |
| 8:51 | Crear | Militia |
| 8:52 | Crear | Militia |
| 8:52 | Crear | Militia |
| 9:12 | Crear | Militia |
| 9:37 | Crear | Militia |
| 9:42 | Construir | House |
| 9:43 | Construir | House |
| 9:46 | Crear | Militia |
| 10:10 | Crear | Villager (Male) |
| 10:23 | Construir | House |
| 10:32 | Edad | Edad Feudal |
| 10:47 | Investigar | Double-Bit Axe |
| 10:48 | Investigar | Horse Collar |
| 10:57 | Crear | Villager (Male) |
| 10:58 | Crear | Villager (Male) |
| 11:19 | Construir | House |
| 11:22 | Crear | Villager (Male) |
| 11:29 | Construir | Farm |
| 11:29 | Construir | Farm |
| 11:29 | Construir | Farm |
| 11:58 | Construir | Farm |
| 11:58 | Construir | Farm |
| 12:11 | Crear | Villager (Male) |
| 12:15 | Construir | Farm |
| 12:42 | Crear | Villager (Male) |
| 12:44 | Construir | Farm |
| 12:46 | Construir | Farm |
| 12:50 | Construir | Farm |
| 12:55 | Investigar | Man-at-Arms (upgrade) |
| 12:57 | Crear | Villager (Male) |
| 13:04 | Crear | Villager (Male) |
| 13:07 | Construir | Farm |
| 13:13 | Crear | Villager (Male) |
| 13:33 | Crear | Villager (Male) |
| 13:47 | Construir | Blacksmith |
| 14:00 | Crear | Villager (Male) |
| 14:19 | Crear | Militia |
| 14:37 | Crear | Militia |
| 14:37 | Crear | Militia |
| 14:42 | Construir | Farm |
| 14:43 | Construir | Farm |
| 14:43 | Construir | Farm |
| 14:43 | Construir | Farm |
| 14:46 | Crear | Militia |
| 14:53 | Crear | Militia |
| 14:56 | Construir | Barracks |
| 15:13 | Crear | Villager (Male) |
| 15:15 | Construir | Farm |
| 15:20 | Investigar | Forging |
| 15:20 | Investigar | Scale Mail Armor |
| 15:31 | Crear | Militia |
| 15:45 | Crear | Militia |
| 15:58 | Crear | Militia |
| 16:06 | Crear | Villager (Male) |
| 16:09 | Construir | Farm |
| 16:13 | Construir | Mill |
| 16:13 | Construir | Farm |
| 16:13 | Construir | Farm |
| 16:13 | Construir | Farm |
| 16:14 | Construir | Farm |
| 16:14 | Construir | Farm |
| 16:14 | Construir | Farm |
| 17:02 | Crear | Villager (Male) |
| 17:04 | Construir | Farm |
| 17:05 | Investigar | Wheelbarrow |
| 17:09 | Construir | Farm |
| 17:09 | Construir | Farm |
| 17:10 | Construir | Farm |
| 17:10 | Construir | Farm |
| 17:34 | Crear | Villager (Male) |
| 17:35 | Construir | Farm |
| 18:24 | Crear | Villager (Male) |
| 18:25 | Crear | Militia |
| 18:26 | Crear | Militia |
| 18:26 | Crear | Militia |
| 18:42 | Crear | Militia |
| 19:00 | Crear | Villager (Male) |
| 19:00 | Crear | Villager (Male) |
| 19:01 | Construir | Archery Range |
| 19:05 | Crear | Militia |
| 19:06 | Crear | Militia |
| 19:06 | Crear | Militia |
| 19:09 | Crear | Militia |
| 19:09 | Crear | Militia |
| 19:20 | Crear | Militia |
| 19:21 | Crear | Militia |
| 19:25 | Construir | Building 487 |
| 19:53 | Construir | House |
| 20:15 | Construir | House |
Build order — DeltaOfficer
127 acciones detectadas en el replay
| 0:02 | Crear | Villager (Male) ×4 |
| 0:04 | Construir | House |
| 0:06 | Construir | House |
| 1:48 | Construir | Mule Cart |
| 1:53 | Crear | Villager (Male) |
| 1:53 | Crear | Villager (Male) |
| 2:15 | Crear | Villager (Male) |
| 2:16 | Crear | Villager (Male) |
| 2:16 | Crear | Villager (Male) |
| 2:51 | Crear | Villager (Male) |
| 2:52 | Crear | Villager (Male) |
| 3:35 | Crear | Villager (Male) |
| 3:36 | Crear | Villager (Male) |
| 3:36 | Crear | Villager (Male) |
| 4:07 | Construir | House |
| 4:17 | Construir | House |
| 4:25 | Crear | Villager (Male) |
| 4:25 | Crear | Villager (Male) |
| 5:06 | Crear | Villager (Male) |
| 5:06 | Crear | Villager (Male) |
| 5:06 | Crear | Villager (Male) |
| 5:23 | Construir | Mill |
| 5:24 | Crear | Villager (Male) |
| 6:06 | Crear | Villager (Male) |
| 6:06 | Crear | Villager (Male) |
| 6:07 | Crear | Villager (Male) |
| 6:41 | Crear | Villager (Male) |
| 6:41 | Crear | Villager (Male) |
| 7:31 | Crear | Villager (Male) |
| 7:32 | Crear | Villager (Male) |
| 8:14 | Investigar | Feudal Age |
| 8:59 | Crear | Villager (Male) |
| 8:59 | Crear | Villager (Male) |
| 9:32 | Construir | Farm |
| 9:33 | Construir | Farm |
| 9:39 | Construir | Farm |
| 10:24 | Edad | Edad Feudal |
| 10:27 | Construir | Market |
| 10:31 | Construir | Blacksmith |
| 11:15 | Construir | House |
| 12:04 | Investigar | Castle Age |
| 12:07 | Construir | Farm |
| 12:34 | Investigar | Double-Bit Axe |
| 12:35 | Investigar | Double-Bit Axe |
| 12:45 | Construir | Farm |
| 12:49 | Investigar | Horse Collar |
| 12:49 | Investigar | Horse Collar |
| 14:05 | Construir | House |
| 14:44 | Edad | Edad de los Castillos |
| 14:47 | Construir | Town Center |
| 14:48 | Crear | Villager (Male) |
| 14:49 | Crear | Villager (Male) |
| 14:51 | Construir | Town Center |
| 15:09 | Investigar | Bow Saw |
| 15:39 | Construir | House |
| 15:43 | Construir | House |
| 15:49 | Crear | Villager (Male) ×3 |
| 15:56 | Construir | House |
| 15:57 | Construir | House |
| 16:08 | Crear | Villager (Male) |
| 16:08 | Crear | Villager (Male) |
| 16:45 | Construir | House |
| 16:48 | Construir | Building 490 |
| 16:59 | Crear | Villager (Male) ×2 |
| 17:01 | Construir | Farm |
| 17:04 | Crear | Villager (Male) |
| 17:23 | Crear | Villager (Male) |
| 17:24 | Crear | Villager (Male) |
| 17:36 | Construir | Farm |
| 17:37 | Construir | Farm |
| 17:39 | Construir | Farm |
| 17:40 | Construir | Farm |
| 17:42 | Crear | Villager (Male) |
| 17:46 | Construir | Farm |
| 18:00 | Construir | Farm |
| 18:01 | Construir | Farm |
| 18:04 | Construir | Town Center |
| 18:06 | Crear | Villager (Male) |
| 18:18 | Crear | Villager (Male) |
| 18:23 | Construir | Farm |
| 18:46 | Crear | Villager (Male) ×2 |
| 18:50 | Investigar | Loom |
| 18:59 | Construir | Farm |
| 19:00 | Construir | Farm |
| 19:04 | Construir | Farm |
| 19:05 | Construir | Farm |
| 19:29 | Construir | Farm |
| 19:30 | Crear | Villager (Male) ×4 |
| 19:38 | Construir | Farm |
| 19:39 | Construir | Farm |
| 19:41 | Construir | Farm |
| 19:42 | Crear | Villager (Male) |
| 19:55 | Investigar | Wheelbarrow |
| 20:13 | Crear | Villager (Male) ×2 |
| 20:16 | Construir | Farm |
| 20:21 | Crear | Villager (Male) |
| 20:35 | Construir | Town Center |
| 20:39 | Crear | Villager (Male) ×2 |
| 20:51 | Crear | Villager (Male) ×2 |
| 21:01 | Construir | Mule Cart |
| 21:12 | Investigar | Heavy Plow |
| 21:24 | Crear | Villager (Male) |
| 21:27 | Construir | Farm |
| 21:31 | Crear | Villager (Male) ×2 |
| 21:40 | Construir | Farm |
| 21:41 | Crear | Villager (Male) |
| 21:49 | Crear | Villager (Male) ×2 |
| 21:56 | Crear | Villager (Male) |
| 22:13 | Crear | Villager (Male) ×2 |
| 22:25 | Construir | Farm |
| 22:26 | Crear | Villager (Male) ×4 |
| 22:37 | Crear | Villager (Male) |
| 22:51 | Construir | House |
| 22:52 | Construir | Building 490 |
| 22:55 | Construir | House |
| 23:00 | Construir | House |
| 23:01 | Construir | House |
| 23:03 | Construir | Stone Wall |
| 23:07 | Construir | Farm |
| 23:08 | Construir | Farm |
| 23:10 | Construir | Farm |
| 23:11 | Crear | Villager (Male) ×5 |
| 23:21 | Construir | House |
| 23:33 | Crear | Villager (Male) ×5 |
| 23:44 | Construir | Farm |
| 23:46 | Construir | Farm |
| 23:47 | Construir | Farm |
Build order — DL | Nato
114 acciones detectadas en el replay
| 0:00 | Crear | Villager (Male) |
| 0:01 | Crear | Villager (Male) |
| 0:01 | Crear | Villager (Male) |
| 0:01 | Crear | Villager (Male) |
| 0:04 | Construir | House |
| 0:05 | Construir | House |
| 1:37 | Crear | Villager (Male) |
| 1:38 | Crear | Villager (Male) |
| 1:52 | Crear | Villager (Male) |
| 1:53 | Crear | Villager (Male) |
| 2:22 | Crear | Villager (Male) |
| 2:22 | Crear | Villager (Male) |
| 2:36 | Construir | Lumber Camp |
| 2:46 | Crear | Villager (Male) |
| 3:25 | Crear | Villager (Male) |
| 3:26 | Crear | Villager (Male) |
| 3:26 | Crear | Villager (Male) |
| 4:05 | Crear | Villager (Male) |
| 4:05 | Crear | Villager (Male) |
| 4:11 | Construir | House |
| 5:12 | Crear | Villager (Male) |
| 5:13 | Crear | Villager (Male) |
| 5:15 | Investigar | Loom |
| 5:23 | Construir | Mill |
| 6:02 | Construir | House |
| 6:33 | Investigar | Feudal Age |
| 7:49 | Construir | Mining Camp |
| 8:23 | Edad | Edad Feudal |
| 8:26 | Construir | Watch Tower |
| 9:11 | Crear | Villager (Male) |
| 9:12 | Investigar | Double-Bit Axe |
| 9:14 | Investigar | Horse Collar |
| 9:19 | Crear | Villager (Male) |
| 9:29 | Crear | Villager (Male) |
| 9:36 | Construir | House |
| 10:04 | Crear | Villager (Male) |
| 10:40 | Construir | Farm |
| 10:43 | Construir | Farm |
| 10:46 | Construir | Farm |
| 10:47 | Crear | Villager (Male) |
| 11:04 | Crear | Villager (Male) |
| 11:29 | Construir | Watch Tower |
| 11:33 | Crear | Villager (Male) |
| 11:53 | Crear | Villager (Male) |
| 12:28 | Crear | Villager (Male) |
| 12:31 | Crear | Villager (Male) |
| 12:40 | Crear | Villager (Male) |
| 12:54 | Crear | Villager (Male) |
| 13:27 | Construir | House |
| 13:37 | Construir | House |
| 13:39 | Crear | Villager (Male) |
| 13:40 | Crear | Villager (Male) |
| 14:16 | Construir | House |
| 14:21 | Construir | Farm |
| 14:23 | Construir | Farm |
| 14:24 | Construir | Farm |
| 14:26 | Construir | Farm |
| 14:27 | Crear | Villager (Male) |
| 14:30 | Construir | Mining Camp |
| 14:33 | Crear | Villager (Male) |
| 14:37 | Crear | Villager (Male) |
| 14:44 | Construir | Blacksmith |
| 14:50 | Construir | Outpost |
| 14:56 | Construir | Outpost |
| 15:21 | Construir | Market |
| 15:43 | Construir | Farm |
| 15:44 | Crear | Villager (Male) |
| 16:43 | Construir | House |
| 16:43 | Construir | House |
| 17:05 | Construir | Farm |
| 17:11 | Construir | Farm |
| 17:16 | Construir | Farm |
| 17:19 | Construir | Farm |
| 17:39 | Construir | Outpost |
| 18:12 | Construir | House |
| 18:14 | Investigar | Castle Age |
| 18:43 | Construir | Farm |
| 19:11 | Construir | House |
| 19:50 | Edad | Edad de los Castillos |
| 19:54 | Construir | Town Center |
| 19:59 | Crear | Villager (Male) |
| 19:59 | Crear | Villager (Male) |
| 20:25 | Construir | Town Center |
| 20:34 | Crear | Villager (Male) |
| 20:41 | Crear | Villager (Male) |
| 20:42 | Investigar | Town Watch |
| 21:08 | Crear | Villager (Male) |
| 21:09 | Crear | Villager (Male) |
| 21:29 | Crear | Villager (Male) |
| 21:29 | Crear | Villager (Male) |
| 21:34 | Investigar | Wheelbarrow |
| 21:39 | Construir | Farm |
| 21:49 | Construir | Lumber Camp |
| 21:52 | Crear | Villager (Male) |
| 21:53 | Crear | Villager (Male) |
| 21:53 | Crear | Villager (Male) |
| 21:53 | Crear | Villager (Male) |
| 21:55 | Crear | Villager (Male) |
| 21:56 | Crear | Villager (Male) |
| 21:56 | Crear | Villager (Male) |
| 22:01 | Construir | Farm |
| 22:03 | Crear | Villager (Male) |
| 22:15 | Construir | Outpost |
| 22:26 | Crear | Villager (Male) |
| 22:41 | Construir | Farm |
| 22:43 | Construir | Farm |
| 22:44 | Crear | Villager (Male) |
| 22:49 | Construir | Farm |
| 22:53 | Construir | Farm |
| 23:41 | Construir | Outpost |
| 23:45 | Construir | Farm |
| 23:47 | Construir | Farm |
| 23:47 | Construir | Farm |
| 23:48 | Construir | Farm |
Build order — OnlyFranks
135 acciones detectadas en el replay
| 0:01 | Crear | Villager (Male) ×4 |
| 0:03 | Construir | House |
| 0:05 | Construir | House |
| 1:08 | Crear | Villager (Male) |
| 1:09 | Crear | Villager (Male) |
| 1:29 | Crear | Villager (Male) |
| 2:00 | Crear | Villager (Male) |
| 2:00 | Crear | Villager (Male) |
| 2:00 | Crear | Villager (Male) |
| 2:18 | Construir | Lumber Camp |
| 2:28 | Crear | Villager (Male) |
| 2:28 | Crear | Villager (Male) |
| 2:40 | Crear | Villager (Male) |
| 2:41 | Crear | Villager (Male) |
| 3:38 | Crear | Villager (Male) |
| 3:38 | Crear | Villager (Male) |
| 3:52 | Construir | House |
| 3:53 | Construir | House |
| 4:12 | Crear | Villager (Male) |
| 4:13 | Crear | Villager (Male) |
| 4:13 | Crear | Villager (Male) |
| 4:45 | Crear | Villager (Male) |
| 4:51 | Construir | Mill |
| 4:57 | Crear | Villager (Male) |
| 5:37 | Crear | Villager (Male) |
| 6:15 | Crear | Villager (Male) |
| 6:15 | Crear | Villager (Male) |
| 6:23 | Construir | Farm |
| 6:42 | Construir | Farm |
| 6:45 | Crear | Villager (Male) |
| 7:13 | Crear | Villager (Male) |
| 7:35 | Investigar | Feudal Age |
| 8:22 | Crear | Villager (Male) |
| 8:22 | Crear | Villager (Male) |
| 8:28 | Construir | House |
| 8:31 | Construir | House |
| 8:34 | Construir | House |
| 8:57 | Construir | House |
| 9:11 | Construir | Palisade Wall |
| 9:14 | Construir | Palisade Wall |
| 9:29 | Construir | Palisade Wall |
| 9:30 | Construir | Palisade Wall |
| 9:31 | Construir | Palisade Wall |
| 9:54 | Crear | Villager (Male) |
| 10:01 | Construir | Mining Camp |
| 10:08 | Edad | Edad Feudal |
| 10:09 | Construir | Watch Tower |
| 10:14 | Investigar | Double-Bit Axe |
| 10:15 | Investigar | Horse Collar |
| 10:16 | Crear | Villager (Male) |
| 10:24 | Investigar | Loom |
| 10:25 | Crear | Villager (Male) |
| 10:28 | Construir | House |
| 10:45 | Crear | Villager (Male) |
| 11:04 | Construir | Blacksmith |
| 11:18 | Crear | Villager (Male) |
| 11:58 | Construir | Stone Wall |
| 12:03 | Construir | Stone Wall |
| 12:07 | Crear | Villager (Male) |
| 12:10 | Construir | Stone Wall |
| 12:27 | Crear | Villager (Male) |
| 12:45 | Investigar | Fletching |
| 12:56 | Construir | Farm |
| 12:59 | Construir | Farm |
| 13:11 | Construir | Watch Tower |
| 13:28 | Crear | Villager (Male) |
| 13:29 | Crear | Villager (Male) |
| 13:31 | Construir | Farm |
| 13:33 | Construir | Farm |
| 13:37 | Construir | Farm |
| 13:38 | Construir | Farm |
| 13:40 | Construir | Farm |
| 13:41 | Crear | Villager (Male) |
| 13:51 | Construir | Stone Wall |
| 14:03 | Crear | Villager (Male) |
| 14:03 | Crear | Villager (Male) |
| 14:15 | Construir | Farm |
| 14:17 | Crear | Villager (Male) |
| 14:24 | Construir | Market |
| 14:44 | Construir | Farm |
| 14:55 | Crear | Villager (Male) |
| 15:28 | Construir | Building 487 |
| 15:39 | Investigar | Castle Age |
| 16:01 | Crear | Villager (Male) |
| 16:06 | Crear | Villager (Male) |
| 16:40 | Crear | Villager (Male) |
| 16:40 | Crear | Villager (Male) |
| 16:44 | Construir | Farm |
| 16:56 | Construir | Watch Tower |
| 17:04 | Construir | Stone Wall |
| 17:06 | Construir | Stone Wall |
| 17:11 | Construir | Stone Wall |
| 17:51 | Construir | House |
| 17:56 | Construir | Stone Wall |
| 18:11 | Construir | Stone Wall |
| 18:19 | Edad | Edad de los Castillos |
| 18:27 | Crear | Villager (Male) |
| 18:27 | Crear | Villager (Male) |
| 18:47 | Construir | Town Center |
| 18:50 | Crear | Villager (Male) |
| 19:13 | Construir | Town Center |
| 19:18 | Investigar | Bodkin Arrow |
| 19:18 | Investigar | Bodkin Arrow |
| 19:18 | Investigar | Bodkin Arrow |
| 19:22 | Investigar | Bow Saw |
| 19:56 | Crear | Villager (Male) |
| 20:09 | Crear | Villager (Male) |
| 20:16 | Construir | Farm |
| 20:18 | Construir | Farm |
| 20:19 | Crear | Villager (Male) |
| 20:23 | Construir | Farm |
| 20:25 | Construir | Farm |
| 20:25 | Crear | Villager (Male) |
| 20:30 | Investigar | Wheelbarrow |
| 20:47 | Crear | Villager (Male) |
| 20:47 | Crear | Villager (Male) |
| 21:02 | Crear | Villager (Male) |
| 21:03 | Construir | Farm |
| 21:06 | Crear | Villager (Male) |
| 21:06 | Crear | Villager (Male) |
| 21:36 | Crear | Villager (Male) |
| 21:37 | Crear | Villager (Male) |
| 21:47 | Crear | Villager (Male) |
| 21:50 | Construir | Town Center |
| 22:05 | Crear | Villager (Male) |
| 22:05 | Crear | Villager (Male) |
| 22:10 | Crear | Villager (Male) |
| 22:10 | Crear | Villager (Male) |
| 22:10 | Crear | Villager (Male) |
| 22:27 | Crear | Villager (Male) |
| 22:27 | Crear | Villager (Male) |
| 22:33 | Construir | House |
| 22:40 | Construir | Farm |
| 23:00 | Construir | House |
| 23:01 | Construir | House |
Build order — DL | Anubis_Killa
Primeras 150 de 160 acciones detectadas
| 0:05 | Crear | Villager (Male) |
| 0:05 | Crear | Villager (Male) |
| 0:05 | Crear | Villager (Male) |
| 0:07 | Construir | House |
| 0:11 | Construir | House |
| 0:34 | Crear | Villager (Male) |
| 0:34 | Crear | Villager (Male) |
| 1:01 | Construir | Lumber Camp |
| 1:25 | Crear | Villager (Male) |
| 1:26 | Crear | Villager (Male) |
| 2:02 | Crear | Villager (Male) |
| 2:02 | Crear | Villager (Male) |
| 2:37 | Crear | Villager (Male) |
| 2:37 | Crear | Villager (Male) |
| 2:58 | Crear | Villager (Male) |
| 2:58 | Crear | Villager (Male) |
| 3:37 | Crear | Villager (Male) |
| 3:37 | Crear | Villager (Male) |
| 3:43 | Construir | House |
| 3:51 | Crear | Villager (Male) |
| 3:51 | Crear | Villager (Male) |
| 4:29 | Crear | Villager (Male) |
| 4:29 | Crear | Villager (Male) |
| 4:30 | Crear | Villager (Male) |
| 4:31 | Crear | Villager (Male) |
| 4:31 | Crear | Villager (Male) |
| 5:12 | Crear | Villager (Male) |
| 5:12 | Crear | Villager (Male) |
| 5:28 | Crear | Villager (Male) |
| 5:28 | Crear | Villager (Male) |
| 5:32 | Crear | Villager (Male) |
| 5:32 | Crear | Villager (Male) |
| 5:51 | Crear | Villager (Male) |
| 6:00 | Construir | House |
| 6:14 | Construir | Mining Camp |
| 6:58 | Investigar | Loom |
| 6:59 | Investigar | Loom |
| 7:08 | Investigar | Feudal Age |
| 8:40 | Crear | Villager (Male) |
| 8:40 | Crear | Villager (Male) |
| 9:34 | Edad | Edad Feudal |
| 9:38 | Construir | Blacksmith |
| 10:11 | Construir | Siege Workshop |
| 10:14 | Construir | Palisade Wall |
| 10:21 | Crear | Villager (Male) |
| 10:22 | Crear | Villager (Male) |
| 10:34 | Investigar | Double-Bit Axe |
| 10:38 | Crear | Battering Ram |
| 10:39 | Crear | Battering Ram |
| 10:39 | Crear | Battering Ram |
| 10:43 | Construir | House |
| 10:45 | Construir | House |
| 10:46 | Construir | Palisade Wall |
| 11:01 | Construir | Mill |
| 11:05 | Crear | Villager (Male) |
| 11:19 | Construir | House |
| 11:26 | Crear | Villager (Male) |
| 11:46 | Crear | Battering Ram |
| 11:47 | Crear | Battering Ram |
| 12:13 | Crear | Villager (Male) |
| 12:17 | Crear | Battering Ram |
| 12:18 | Crear | Battering Ram |
| 12:51 | Crear | Villager (Male) |
| 13:08 | Crear | Battering Ram |
| 13:08 | Crear | Battering Ram |
| 13:16 | Construir | Farm |
| 13:18 | Construir | Farm |
| 13:21 | Crear | Villager (Male) |
| 13:21 | Crear | Villager (Male) |
| 13:24 | Construir | House |
| 14:05 | Crear | Villager (Male) |
| 14:06 | Crear | Villager (Male) |
| 14:59 | Crear | Villager (Male) |
| 14:59 | Crear | Villager (Male) |
| 14:59 | Crear | Villager (Male) |
| 15:13 | Construir | House |
| 15:25 | Crear | Villager (Male) |
| 15:27 | Crear | Battering Ram |
| 15:27 | Crear | Battering Ram |
| 15:27 | Crear | Battering Ram |
| 15:28 | Crear | Battering Ram |
| 15:39 | Construir | House |
| 15:41 | Construir | Palisade Wall |
| 16:53 | Crear | Villager (Male) |
| 16:53 | Crear | Villager (Male) |
| 17:03 | Construir | House |
| 17:20 | Crear | Villager (Male) |
| 17:28 | Construir | Town Center |
| 17:29 | Crear | Villager (Male) |
| 17:30 | Crear | Villager (Male) |
| 18:19 | Crear | Villager (Male) |
| 18:20 | Crear | Villager (Male) |
| 18:49 | Crear | Battering Ram |
| 18:49 | Crear | Battering Ram |
| 18:52 | Crear | Villager (Male) |
| 18:52 | Crear | Villager (Male) |
| 18:58 | Crear | Villager (Male) |
| 19:02 | Construir | Farm |
| 19:02 | Construir | Farm |
| 19:02 | Construir | Farm |
| 19:02 | Construir | Farm |
| 19:02 | Construir | Farm |
| 19:06 | Crear | Villager (Male) |
| 19:06 | Crear | Villager (Male) |
| 19:12 | Construir | Farm |
| 19:16 | Construir | Farm |
| 19:17 | Construir | Farm |
| 19:41 | Crear | Villager (Male) |
| 19:42 | Crear | Villager (Male) |
| 19:45 | Crear | Villager (Male) |
| 19:45 | Crear | Villager (Male) |
| 20:54 | Crear | Villager (Male) |
| 20:54 | Crear | Villager (Male) |
| 20:54 | Crear | Villager (Male) |
| 20:55 | Crear | Villager (Male) |
| 21:31 | Crear | Villager (Male) |
| 21:31 | Crear | Villager (Male) |
| 21:31 | Crear | Villager (Male) |
| 21:35 | Construir | Mill |
| 21:37 | Construir | Farm |
| 21:37 | Construir | Farm |
| 21:38 | Construir | Farm |
| 21:38 | Construir | Farm |
| 21:38 | Construir | Farm |
| 21:38 | Construir | Farm |
| 21:39 | Construir | Farm |
| 21:39 | Construir | Farm |
| 21:39 | Construir | Farm |
| 21:39 | Construir | Farm |
| 21:40 | Construir | Farm |
| 21:42 | Investigar | Horse Collar |
| 21:52 | Construir | House |
| 21:53 | Construir | House |
| 21:55 | Construir | House |
| 21:56 | Construir | House |
| 21:57 | Construir | House |
| 21:58 | Construir | House |
| 21:59 | Construir | House |
| 22:06 | Construir | House |
| 22:07 | Construir | House |
| 22:08 | Construir | House |
| 22:09 | Construir | House |
| 22:11 | Construir | House |
| 22:12 | Construir | House |
| 22:13 | Construir | House |
| 22:16 | Crear | Villager (Male) |
| 22:52 | Crear | Villager (Male) |
| 22:52 | Crear | Villager (Male) |
| 22:53 | Crear | Villager (Male) |
| 23:01 | Construir | Farm |
Cronología de la partida
| 7:53 | free villager · first_building Barracks |
| 8:23 | DL | Nato · age_up feudal |
| 9:01 | [CL]Sendoh · first_building Barracks |
| 9:11 | OnlyFranks · wall_segment Palisade Wall x5 |
| 9:14 | OnlyFranks · wall_segment Palisade Wall x6 |
| 9:29 | OnlyFranks · wall_segment Palisade Wall x3 |
| 9:30 | OnlyFranks · wall_segment Palisade Wall x1 |
| 9:31 | OnlyFranks · wall_segment Palisade Wall x1 |
| 9:34 | DL | Anubis_Killa · age_up feudal |
| 10:06 | [CL]Sendoh · age_up feudal |
| 10:08 | OnlyFranks · age_up feudal |
| 10:10 | YOGRANNYCANTSCRAP · age_up feudal |
| 10:11 | DL | Anubis_Killa · first_building Siege Workshop |
| 10:14 | DL | Anubis_Killa · wall_segment Palisade Wall x1 |
| 10:24 | DeltaOfficer · age_up feudal |
| 10:31 | DL | La Pata Sola · age_up feudal |
| 10:32 | free villager · age_up feudal |
| 10:46 | DL | Anubis_Killa · wall_segment Palisade Wall x1 |
| 11:11 | YOGRANNYCANTSCRAP · first_market_sell 100 stone |
| 11:13 | YOGRANNYCANTSCRAP · first_market_buy 100 food |
| 11:44 | DeltaOfficer · first_market_sell 100 wood |
| 11:58 | OnlyFranks · wall_segment Stone Wall x4 |
| 12:03 | OnlyFranks · wall_segment Stone Wall x1 |
| 12:10 | OnlyFranks · wall_segment Stone Wall x1 |
| 13:21 | YOGRANNYCANTSCRAP · wall_segment Stone Wall x1 |
| 13:23 | YOGRANNYCANTSCRAP · wall_segment Stone Wall x1 |
| 13:23 | YOGRANNYCANTSCRAP · wall_segment Stone Wall x1 |
| 13:51 | OnlyFranks · wall_segment Stone Wall x1 |
| 13:57 | YOGRANNYCANTSCRAP · age_up castle |
| 14:01 | YOGRANNYCANTSCRAP · first_building Siege Workshop |
| 14:22 | DL | La Pata Sola · age_up castle |
| 14:44 | DeltaOfficer · age_up castle |
| 15:17 | YOGRANNYCANTSCRAP · wall_segment Stone Wall x1 |
| 15:24 | YOGRANNYCANTSCRAP · wall_segment Stone Wall x1 |
| 15:27 | YOGRANNYCANTSCRAP · wall_segment Stone Wall x1 |
| 15:34 | OnlyFranks · first_market_sell 100 food |
| 15:41 | DL | Anubis_Killa · wall_segment Palisade Wall x1 |
| 16:04 | YOGRANNYCANTSCRAP · wall_segment Stone Wall x1 |
| 16:07 | YOGRANNYCANTSCRAP · wall_segment Stone Wall x1 |
| 16:53 | OnlyFranks · first_market_buy 100 stone |
| 17:04 | OnlyFranks · wall_segment Stone Wall x1 |
| 17:06 | OnlyFranks · wall_segment Stone Wall x1 |
| 17:11 | OnlyFranks · wall_segment Stone Wall x1 |
| 17:42 | DL | La Pata Sola · first_market_buy 100 food |
| 17:55 | DL | Nato · first_market_sell 100 wood |
| 17:56 | OnlyFranks · wall_segment Stone Wall x1 |
| 17:59 | DL | Nato · first_market_buy 100 food |
| 18:11 | OnlyFranks · wall_segment Stone Wall x1 |
| 18:19 | OnlyFranks · age_up castle |
| 19:01 | free villager · first_building Archery Range |
| 19:50 | DL | Nato · age_up castle |
| 21:57 | DL | La Pata Sola · first_building Monastery |
| 22:31 | YOGRANNYCANTSCRAP · resign |
| 23:03 | DeltaOfficer · wall_segment Stone Wall x1 |
[ ANÁLISIS IA · 1 CRÉDITO ]
¿Qué pasó realmente en esta partida?
Wolo.gg analiza cada decisión: build order, eco, micro, errores típicos por bracket. Análisis personalizado por WhatsApp o Discord en 30 segundos.
Guía civ
Francos
Perfil
Jugador #20172101